AoeStats
← Colon Master

Arena

510020374Analyzed
1v1 RM · 5d ago on Sep 29, 2026· 47m 58s· 2 players
Game mode
Random Map
Map size
Tiny (2 player)
Population
200
Speed
Normal
Resources
Standard
Victory
Conquest
Starting age
Dark Age
Ending age
Imperial Age
RankedLock teamsTeams togetherTeam positionsShared explorationLock speedFull tech treeHidden civsTurbo modeCheats
Victory
Defeat
🇦🇷 Mongols · Argentina
581
+15
🇺🇸 Burgundians · United States
568
-15
Mayhem
12:10 Feudal Age
16:19 Castle Age
14:28 Double-Bit Axe
14:27 Horse Collar
19:31 Heavy Plow
23:26 Bow Saw
24:06 Scale Barding Armor
24:12 Forging
28:04 Imperial Age
26:14 Husbandry
27:42 Iron Casting
28:27 Wheelbarrow
29:27 Cavalier
33:49 Chemistry
33:39 Ballistics
37:24 Elite Coustillier
43:29 Pikeman
47:43 Padded Archer Armor
48:44 Blast Furnace
48:05 Chain Barding Armor
47:36 Fletching
47:47 Scale Mail Armor
Colon Master
1:28 Loom
12:55 Feudal Age
16:43 Castle Age
14:29 Loom
15:58 Fletching
16:59 Double-Bit Axe
17:41 Horse Collar
18:20 Gold Mining
27:02 Imperial Age
25:52 Padded Archer Armor
28:50 Wheelbarrow
28:43 Bodkin Arrow
31:37 Husbandry
31:50 Bloodlines
31:40 Husbandry
32:49 Leather Archer Armor
33:58 Bracer
36:51 Scale Barding Armor
38:22 Conscription
41:10 Ballistics
41:52 Chemistry
43:41 Elite Mangudai
46:39 Drill
Connection lost

Rejoining the realm…

Still unreachable

The connection could not be restored.

Session expired

The server has moved on; the page needs a fresh start.